 Dungeon Crawl Stone Soup version 0.25.1-2-g60ff931df9 (webtiles) character file.

Game seed: 12191927549711073203

1473 hawla the Carver (level 8, -6/105 HPs)
             Began as a Minotaur Berserker on Oct 29, 2020.
             Was an Elder of Trog.
             Mangled by an orc warrior
             ... wielding a +0 halberd
              (11 damage)
             ... on level 7 of the Dungeon.
             The game lasted 00:09:39 (5776 turns).

hawla the Carver (Minotaur Berserker)               Turns: 5776, Time: 00:09:39

Health: -6/105     AC: 24    Str: 24    XL:     8   Next: 49%
Magic:  7/7        EV:  2    Int:  4    God:    Trog [****..]
Gold:   354        SH:  0    Dex: 10    Spells: 7/7 levels left

rFire    + . .     SeeInvis .   a - +0 falchion
rCold    + . .     Gourm    .   (no shield)
rNeg     + + +     Faith    .   (armour currently unavailable)
rPois    +         Spirit   .   (helmet currently unavailable)
rElec    +         Reflect  .   (cloak currently unavailable)
rCorr    +         Harm     .   (gloves currently unavailable)
MR       .....     NoTele   +   (boots currently unavailable)
Stlth    ++........             (no amulet)
HPRegen  0.27/turn              l - ring of poison resistance
MPRegen  0.10/turn              y - ring of Youthful Indiscretion {+Blink rCorr Stlth+}

@: tree-form, resistant, stab
A: (retaliatory headbutt)
a: Berserk, Trog's Hand, Brothers in Arms, Renounce Religion, Evoke Blink


You were on level 7 of the Dungeon.
You worshipped Trog.
Trog was greatly pleased with you.
You were very hungry.
You were a tree.
You visited 1 branch of the dungeon, and saw 7 of its levels.

You collected 354 gold pieces.

Inventory:

Hand Weapons
 a - a +0 falchion (weapon)
Missiles
 m - 20 poisoned darts (quivered)
 p - 6 boomerangs
Armour
 b - a +0 animal skin (melded)
 s - a +2 cloak (melded)
Jewellery
 j - an uncursed ring of protection from fire
 l - a ring of poison resistance (left branch)
 o - a +4 ring of evasion
 y - the ring of Youthful Indiscretion (right branch) {+Blink rCorr Stlth+}
   (You found it on level 6 of the Dungeon)

   [ring of resist corrosion]

   It lets you blink.
   It provides partial protection from all sources of acid and corrosion.
   It makes you more stealthy.
Wands
 r - a wand of iceblast (11)
 w - a wand of disintegration (18)
Scrolls
 e - 8 scrolls of remove curse
 f - a scroll of fear
 g - a scroll of blinking {unknown}
 q - a scroll of magic mapping
 v - 4 scrolls of identify
 x - a scroll of enchant weapon {unknown}
 z - a scroll of teleportation {unknown}
Potions
 d - a potion of lignification
 h - 2 potions of flight
 i - 2 potions of might
 k - 2 potions of cancellation
 n - a potion of ambrosia
 t - 2 potions of resistance
Comestibles
 c - 11 rations


   Skills:
 + Level 6.0 Fighting
 + Level 9.6 Long Blades
 + Level 0.4 Throwing
 + Level 2.6 Armour
 * Level 7.0 Dodging
 + Level 0.4 Stealth


You had 7 spell levels left.
You didn't know any spells.
Your spell library was empty.

Dungeon Overview and Level Annotations

Branches:
Dungeon (7/15)             Temple (0/1) D:6

Altars:
Yredelemnul

Shops:
D:5 *


Innate Abilities, Weirdness & Mutations

((You reflexively headbutt those who attack you in melee.))
((You have a pair of horns on your head.))


Message History

You hit the ice beast.
The ice beast is almost dead.
The ice beast hits you but does no damage.
The orc warrior completely misses you.
You hit the ice beast.
The ice beast is almost dead.
The ice beast hits you but does no damage.
The orc warrior hits you from afar with a +0 halberd.
* * * LOW HITPOINT WARNING * * *
You hit the ice beast but do no damage.
The ice beast is almost dead.
The ice beast hits you.
* * * LOW HITPOINT WARNING * * *
The ice beast freezes you. You resist.
* * * LOW HITPOINT WARNING * * *
You barely miss the ice beast.
The ice beast is almost dead.
The crimson imp blinks!
The orc warrior hits you from afar with a +0 halberd!
You die...

...# .. ...#.o= ...#.o
...o. ..o# ####...#
#..#...# ####o.(...#
##.♣Y{o....#
##..###§....#
.######..####...#.....
...........###........
.).<.......# #.$......
<..........###........
#....>................
...........#.........
...........#.#..


You could see an orc warrior, an ice beast and an orc.

Vanquished Creatures
  A sky beast (D:5)
  3 ogres
  2 centaurs
  A scorpion (D:5)
  A howler monkey (D:6)
  4 crimson imps
  A bullfrog zombie (D:5)
  3 hounds
  A jelly (D:5)
  3 orc priests
  2 iguanas
  4 orc wizards
  A centaur skeleton (D:4)
  2 worker ants (D:5)
  A worker ant zombie (D:5)
  A gnoll (D:4)
  10 adders
  2 shadow imps (D:5)
  3 adder skeletons
  2 worms (D:5)
  5 dart slugs
  6 leopard geckos
  11 orcs
  A ball python (D:2)
  11 bats
  6 giant cockroaches
  2 gnoll zombies (D:6)
  8 goblins
  7 hobgoblins
  2 jackals (D:3)
  4 quokkas
  4 frilled lizards
  9 kobolds
  A quokka skeleton (D:7)
  8 rats
133 creatures vanquished.

Notes
Turn   | Place    | Note
-------+----------+-------------------------------------------
     0 | D:1      | hawla the Minotaur Berserker began the quest for the Orb.
     0 | D:1      | Reached XP level 1. HP: 19/19 MP: 0/0
   197 | D:1      | Reached XP level 2. HP: 24/27 MP: 1/1
   229 | D:1      | Reached skill level 4 in Long Blades
   391 | D:1      | Reached XP level 3. HP: 33/33 MP: 2/2
   471 | D:1      | Reached ** piety under Trog
  1060 | D:2      | Reached XP level 4. HP: 40/41 MP: 3/3
  1087 | D:2      | Reached skill level 5 in Long Blades
  1689 | D:3      | Reached XP level 5. HP: 18/47 MP: 4/4
  2545 | D:3      | Reached skill level 6 in Long Blades
  2678 | D:4      | Noticed an ogre
  2679 | D:4      | Killed an ogre
  2679 | D:4      | Reached XP level 6. HP: 55/55 MP: 5/5
  3207 | D:4      | Reached *** piety under Trog
  3338 | D:4      | Reached skill level 5 in Fighting
  3571 | D:4      | Reached skill level 7 in Long Blades
  3571 | D:4      | Reached skill level 5 in Dodging
  3571 | D:4      | Reached XP level 7. HP: 36/61 MP: 6/6
  3780 | D:5      | Entered Level 5 of the Dungeon
  3892 | D:5      | Reached skill level 8 in Long Blades
  4127 | D:5      | Found Sytsaqon's Superlative Supplies.
  4558 | D:5      | Reached XP level 8. HP: 63/70 MP: 7/7
  4857 | D:6      | Reached **** piety under Trog
  5128 | D:6      | Reached skill level 9 in Long Blades
  5186 | D:6      | Got a scintillating bronze ring
  5191 | D:6      | Identified the ring of Youthful Indiscretion {+Blink rCorr
                  | Stlth+} (You found it on level 6 of the Dungeon)
  5213 | D:6      | Found a staircase to the Ecumenical Temple.
  5473 | D:6      | Found a basalt altar of Yredelemnul.
  5769 | D:7      | HP: 2/105 [orc warrior/+0 halberd (13)]
  5775 | D:7      | HP: 4/105 [ice beast (5)]
  5776 | D:7      | Mangled by an orc warrior

Illustrated notes

Levels and vault maps discovered:
D:1:      saegor_arrival_simple_b, layout_basic
D:2:      layout_basic, chequers_serial_rivers_large_b
D:3:      layout_basic
D:4:      cheibrodos_helix_gallery, layout_basic, cheibrodos_gnoll_hut
D:5:      layout_basic, first_ration, amethyst_killhole, nicolae_alphabet_shops,
          hangedman_abyss_or_decor_stabs
D:6:      layout_rooms, lemuel_zombie_altar_yredelemnul,
          minmay_temple_entry_proselytizer
D:7:      layout_rooms

Skill      XL: |  1  2  3  4  5  6  7  8 |
---------------+-------------------------+-----
Long Blades    | 4 5 6 7 8 9 |  9.6
Fighting       | 4 5 6 |  6.0
Dodging        | 3 5 6 7 |  7.0
Throwing       | |  0.4
Armour         | |  2.6
Stealth        | |  0.4

Action                   |  1- 3 |  4- 6 |  7- 9 || total
-------------------------+-------+-------+-------++-------
Melee: Falchion          |    58 |   101 |   139 ||   298
       Headbutt          |     9 |    24 |    33 ||    66
Throw: Boomerang         |     2 |       |       ||     2
       Dart              |       |       |     8 ||     8
  Use: Scroll            |     2 |     7 |     2 ||    11
       Potion            |       |       |     6 ||     6
 Stab: Sleeping          |       |       |     3 ||     3
  Eat: Chunk             |     1 |     7 |     3 ||    11
       Ration            |       |       |     1 ||     1
Armor: Animal skin       |    16 |    14 |    14 ||    44
       Skin              |       |       |    17 ||    17
Dodge: Dodged            |    49 |   103 |    69 ||   221
       Rpst.: Falchion   |    18 |    25 |    19 ||    62
